 Dungeon Crawl Stone Soup version 0.27.0-1-g7a089689b8 (webtiles) character file.

Game seed: 5469190402047800923

25 Snarg the Cudgeller (level 3, -1/26 HPs)
             Began as a Djinni Wanderer on Aug 17, 2021.
             Slain by a ball python (2 damage)
             ... on level 1 of the Dungeon on Aug 18, 2021.
             The game lasted 00:06:20 (686 turns).

Snarg the Cudgeller (Djinni Wanderer)                Turns: 686, Time: 00:06:21

Health: -1/26      AC:  6    Str: 14    XL:     3   Next: 20%
Gold:   0          EV:  7    Int: 12    God:
                   SH:  0    Dex: 11

rFire    + + .     SeeInvis .   a - +2 mace
rCold    x . .     Faith    .   (no shield)
rNeg     . . .     Spirit   .   d - +0 ring mail
rPois    ∞         Reflect  .   (no helmet)
rElec    .         Harm     .   (no cloak)
rCorr    .         Rampage  .   h - +0 pair of gloves
Will     .....                  (boots unavailable)
Stlth    +.........             (no amulet)
HPRegen  0.08/turn              (no ring)
MPRegen  0.00/turn              (no ring)

@: flying, constricted
A: sickness immunity, fire resistance 2, cold vulnerability 1, float, innate
caster, hp casting, extra vitality 1
a: no special abilities


You were on level 1 of the Dungeon.
You visited 1 branch of the dungeon, and saw 1 of its levels.

Inventory:

Hand Weapons
 a - a +2 mace (weapon)
 b - a +0 shortbow
 g - a +0 short sword
Missiles
 c - 26 arrows
 f - 6 poisoned darts (quivered)
 j - 14 stones
Armour
 d - a +0 ring mail (worn)
 h - a +0 pair of gloves (worn)
 k - a +1 cloak


   Skills:
 * Level 0.9 Fighting
 - Level 3.2 Maces & Flails
 + Level 0.1 Throwing
 * Level 1.2 Armour
 * Level 1.1 Dodging
 + Level 2.7 Spellcasting
 + Level 2.0 Evocations


You had 6 spell levels left.
You knew the following spells:

 Your Spells              Type           Power      Damage    Failure   Level
a - Animate Skeleton      Necr           16%        N/A       17%         1
Your spell library was empty.

Dungeon Overview and Level Annotations

Branches:
Dungeon (1/15)

Altars:

Shops:
D:1 [*


Innate Abilities, Weirdness & Mutations

You are immune to sickness and miasma.
You are immune to poison.
Your flesh is very heat resistant. (rF++)
You are vulnerable to cold. (rC-)
You float through the air rather than walking.
You learn spells naturally, not from books.
Your magical power is your life essence.
You have superior vitality. (+4 HP)


Message History

The ball python bites your jackal skeleton.
The ball python constricts your jackal skeleton.
Your jackal skeleton is destroyed!
You see here a jackal corpse.
Casting: Animate Skeleton (safe; 17% risk of failure)
Confirm with . or Enter, or press ? or * to list all spells.
You attempt to give life to the dead...
Before your eyes, flesh is ripped from the corpse!
The dead are walking!
* * * LOW HITPOINT WARNING * * *
The ball python bites you but does no damage.
The ball python grabs you. The ball python constricts you.
You escape the ball python's grasp.
Throw: 8 darts (poison)
Press: ? - help, Q - select action, (/) - cycle Shift-Dir - straight line, f - ball python
Aim: a ball python (ally target, 50% to hit)
You throw a poisoned dart. The poisoned dart hits the ball python.
Your jackal skeleton closely misses the ball python.
Throw: 7 darts (poison)
Press: ? - help, Shift-Dir - straight line, f/p - ball python
Aim: a ball python (ally target, 50% to hit)
You throw a poisoned dart. The poisoned dart hits the ball python.
The ball python completely misses you. The ball python barely misses you.
Your jackal skeleton misses the ball python.
The ball python barely misses you. x2
You barely miss the ball python.
Your jackal skeleton closely misses the ball python.
The ball python bites you but does no damage.
The ball python grabs you. The ball python constricts you.
Your jackal skeleton bites the ball python.
Unknown command.
Unknown command.
You closely miss the ball python.
The ball python is moderately wounded.
The ball python bites you.
* * * LOW HITPOINT WARNING * * *
The ball python constricts you.
Your jackal skeleton bites the ball python.
The ball python bites you.
You die...

.............#..#......
#..
.............#..#....#
###
............##..#....#
.....(.###.###..#....#
................#....#
#####
........#............#
..... .......
#......###+#.# ###...
....... ##...#.#####.#
#.+... S......
###@#.......###.#... .
#.S(..........####
#.Z...............
#............#####
#................#
#................# #.
#................# #..
#. #.##.#####.##....#
#..###.# #.##.#
#.##.....


You could see a ball python (ally target) and a friendly jackal skeleton.

Vanquished Creatures
  2 dart slugs (D:1)
  2 bats (D:1)
  An endoplasm (D:1)
  A giant cockroach (D:1)
  A hobgoblin (D:1)
  6 jackals (D:1)
  3 ball pythons (D:1)
  2 kobolds (D:1)
  2 rats (D:1)
20 creatures vanquished.

Vanquished Creatures (collateral kills)
  A giant cockroach (D:1)
1 creature vanquished.

Grand Total: 21 creatures vanquished

Notes
Turn   | Place    | Note
-------+----------+-------------------------------------------
     0 | D:1      | Snarg the Djinni Wanderer began the quest for the Orb.
     0 | D:1      | Reached XP level 1. HP: 15/15 MP: 0/0
    69 | D:1      | Found Edineud's General Store.
    86 | D:1      | Reached XP level 2. HP: 18/22 MP: 0/0
   511 | D:1      | Reached skill level 1 in Dodging
   519 | D:1      | Reached XP level 3. HP: 26/26 MP: 0/0
   519 | D:1      | Learned a level 1 spell: Animate Skeleton
   535 | D:1      | Found Loagotoib's Armour Boutique.
   589 | D:1      | HP: 1/26 [jackal (2)]
   608 | D:1      | HP: 1/26 [ball python (1)]
   638 | D:1      | HP: 1/26 [ball python (1)]
   686 | D:1      | HP: 1/26 [ball python (1)]
   686 | D:1      | Slain by a ball python

Illustrated notes

Levels and vault maps discovered:
D:1:      nzn_arrival_settlement, layout_basic, serial_shops, shop, shop, shop,
          dreamdust_ecumenical_altar_statues

Skill      XL: |  1  2 |
---------------+-------+-----
Dodging        | 1 |  1.1
Fighting       | |  0.9
Maces & Flails | |  3.2
Throwing       | |  0.1
Armour         | |  1.2
Spellcasting   | |  2.7
Evocations     | |  2.0

Action                   || total
-------------------------++-------
Melee: Mace              ||    59
Throw: Dart              ||     4
 Cast: Animate Skeleton  ||     4
  Use: Scroll            ||     2
Armor: Ring mail         ||    47
Dodge: Dodged            ||    73
